 Dungeon Crawl Stone Soup version 0.24-a0-498-ge00f04a (webtiles) character file.

Game seed: 13220004378861339241

9962 silenth the Geomancer (level 11, -1/63 HPs)
             Began as a Deep Elf Earth Elementalist on July 14, 2019.
             Was an Elder of Vehumet.
             Slain by a death yak (19 damage)
             ... on level 10 of the Dungeon.
             The game lasted 00:25:18 (12979 turns).

silenth the Geomancer (DEEE)                       Turns: 12979, Time: 00:25:18

Health: -1/63      AC:  6    Str:  5    XL:     11   Next: 29%
Magic:  28/35      EV: 17    Int: 24    God:    Vehumet [****..]
Gold:   363        SH:  0    Dex: 15    Spells: 14/29 levels left

rFire    . . .     SeeInvis .   a - +2 dagger (freeze)
rCold    . . .     Gourm    .   (no shield)
rNeg     . . .     Faith    .   l - +1 robe {MR+}
rPois    .         Spirit   .   x - +0 helmet
rElec    .         Reflect  .   H - +0 cloak
rCorr    .         Harm     .   (no gloves)
MR       ++...                  p - +0 pair of boots
Stlth    ++++......             (no amulet)
HPRegen  0.20/turn              J - ring of magical power
MPRegen  0.24/turn              v - ring of stealth

@: no status effects
A: no striking features
a: Renounce Religion


You were on level 10 of the Dungeon.
You worshipped Vehumet.
Vehumet was greatly pleased with you.
You were not hungry.

You visited 2 branches of the dungeon, and saw 11 of its levels.

You collected 623 gold pieces.
You spent 260 gold pieces at shops.

Inventory:

Hand Weapons
 a - a +2 dagger of freezing (weapon)
 g - a +1 dagger of pain
 h - a +0 long sword
 i - a +2 dagger of venom
 j - a +0 dagger
 s - a +1 vampiric whip
 K - a +2 scimitar of holy wrath
 P - a +2 dagger of draining
Missiles
 f - 105 stones (quivered)
 F - 2 throwing nets
Armour
 l - a +1 robe of magic resistance (worn)
 p - a +0 pair of boots (worn)
 x - a +0 helmet (worn)
 H - a +0 cloak (worn)
 M - a +2 scale mail of cold resistance
Jewellery
 v - a ring of stealth (right hand)
 y - an uncursed ring of ice
 I - an uncursed ring of wizardry
 J - a ring of magical power (left hand)
Wands
 c - a wand of random effects (20)
 t - a wand of enslavement (10)
 u - a wand of paralysis (7)
 z - a wand of polymorph (12)
 R - a wand of acid (5)
Scrolls
 b - 2 scrolls of fog
 k - 2 scrolls of magic mapping
 r - 2 scrolls of remove curse
 w - a scroll of immolation {unknown}
 A - 3 scrolls of enchant weapon
 B - a scroll of amnesia {unknown}
 C - a scroll of vulnerability {unknown}
 E - a scroll of random uselessness {unknown}
 G - a scroll of blinking
 N - a scroll of fear {unknown}
Potions
 d - a potion of flight
 m - 5 potions of curing
 n - a potion of cancellation
 o - 2 potions of agility
 q - a potion of ambrosia
 D - 2 potions of brilliance
 L - a potion of resistance
 O - a potion of degeneration {unknown}
 Q - a potion of invisibility {unknown}
Comestibles
 e - 17 rations


   Skills:
 + Level 5.1 Fighting
 + Level 7.9 Dodging
 - Level 4.1 Stealth
 + Level 9.8 Spellcasting
 - Level 9.0 Conjurations
 - Level 2.0 Necromancy
 - Level 4.0 Translocations
 - Level 3.1 Transmutations
 - Level 10.0 Earth Magic
 + Level 3.9 Evocations


You had 14 spell levels left.
You knew the following spells:

 Your Spells              Type           Power        Failure   Level  Hunger
a - Sandblast             Erth           ######       1%          1    None
b - Passwall              Tmut/Erth      #####...     1%          2    None
c - Stone Arrow           Conj/Erth      ######       1%          3    None
d - Lee's Rapid Deconstr  Erth           ######....   1%          5    ####...
e - Animate Skeleton      Necr           N/A          2%          1    None
f - Apportation           Tloc           ####..       1%          1    None
B - Blink                 Tloc           N/A          1%          2    None

Your spell library contained the following spells:

 Spells                   Type           Power        Failure   Level  Hunger
 Sticky Flame             Conj/Fire      ####....     2%          4    #......
 Beastly Appendage        Tmut           ####..       1%          1    None
 Freeze                   Ice            ##..         1%          1    None
 Magic Dart               Conj           ####         1%          1    None
 Searing Ray              Conj           ######       1%          2    None
 Throw Frost              Conj/Ice       ####..       1%          2    None
 Conjure Flame            Conj/Fire      ####....     1%          3    None
 Dazzling Spray           Conj/Hex       ####..       1%          3    None
 Mephitic Cloud           Conj/Pois/Air  ####....     1%          3    None
 Force Lance              Conj/Tloc      #####...     1%          4    #......
 Iskenderun's Mystic Bla  Conj           ######..     1%          4    #......
 Sticks to Snakes         Tmut           ####....     2%          2    None
 Fulminant Prism          Conj/Hex       ####......   2%          4    #......
 Throw Icicle             Conj/Ice       ####....     2%          4    #......
 Petrify                  Tmut/Erth      #####...     3%          4    #......
 Confusing Touch          Hex            ##....       5%          1    None
 Summon Small Mammal      Summ           ##..         5%          1    None
 Call Imp                 Summ           ##......     9%          2    None
 Slow                     Hex            ##......     9%          2    None
 Spider Form              Tmut/Pois      ###.......   9%          3    None
 Ozocubu's Armour         Chrm/Ice       ##......     16%         3    None
 Ice Form                 Ice/Tmut       ###.....     28%         4    #......
 Blade Hands              Tmut           ####......   38%         5    ####...
 Summon Ice Beast         Ice/Summ       ##......     47%         4    #......


Dungeon Overview and Level Annotations

Branches:
Dungeon (10/15)            Temple (1/1) D:4            Lair (0/6) D:10
    Orc: D:9-12

Altars:
Ashenzari
Cheibriados
Dithmenos
Elyvilon
Fedhas
Gozag
Hepliaklqana
Kikubaaqudgha
Makhleb
Nemelex Xobeh
Okawaru
Qazlal
Ru
Sif Muna
Trog
Uskayaw
Vehumet
Wu Jian
Xom
Yredelemnul
Zin
The Shining One

Shops:
D:4 :   D:7 (%*

Annotations:
D:7 , 2 transporters, RatchetSly's ghost, novice MiFi


Message History

Confirm with . or Enter, or press ? or * to list all spells.
Aiming: Stone Arrow (safe; 1% risk of failure)
Press: ? - help, Shift-Dir - straight line, f/p - death yak
Aim: a death yak (lightly wounded)
The stone arrow hits the death yak!
The death yak is heavily wounded.
The death yak gores you!
Casting: Stone Arrow (safe; 1% risk of failure)
Confirm with . or Enter, or press ? or * to list all spells.
Okay, then.
Casting: Stone Arrow (safe; 1% risk of failure)
Confirm with . or Enter, or press ? or * to list all spells.
Aiming: Passwall (safe; 1% risk of failure)
Press: ? - help, Dir - move target cursor, p - death yak A rock wall.
The death yak gores you!!
* * * LOW HITPOINT WARNING * * *
You begin to meditate on the wall.
You continue meditating on the rock.
The death yak gores you!!
You die...

###.## ### #....#. #
#...# ####...... #
####.###
#####Y)....... #
##....#
###.....#####... ##
#.)##########
#...##### ... .#
#.## #......# #.###
... .###.#
#......###.# #..
...#.####......#.Y.#
..
##....††.......#@###
..
....####.........#
.. ....##
##......### .....#
#......# .....#
#......# .....#
#......# .....#
#......# ....>#
######## .....#


You could see a death yak.

Vanquished Creatures
  Harold (D:7)
  An unseen horror (D:9)
  Pikel (D:7)
  A manticore (D:8)
  Joseph (D:7)
  A troll (D:10)
  Grinder (D:5)
  2 hippogriffs
  Sigmund (D:2)
  A spriggan (D:8)
  2 yaks (D:9)
  Grum (D:9)
  2 hungry ghosts
  A water moccasin (D:5)
  A black bear (D:8)
  5 orc warriors
  A slave (D:7)
  8 ogres
  An eye of draining (D:9)
  A phantom (D:10)
  4 centaurs
  4 wolves (D:9)
  A big kobold (D:8)
  11 bullfrogs
  A gnoll sergeant (D:6)
  A scorpion (D:7)
  12 killer bees (D:10)
  7 howler monkeys
  5 crimson imps
  A bullfrog zombie (D:9)
  A centaur zombie (D:7)
  5 jellies
  Crazy Yiuf (D:7)
  3 bullfrog skeletons
  7 orc priests
  6 hounds
  11 orc wizards
  Jessica (D:2)
  A centaur skeleton (D:4)
  9 worker ants
  3 iguanas
  A hound zombie (D:8)
  2 howler monkey zombies
  3 worker ant zombies
  15 gnolls
  12 adders
  2 shadow imps
  4 oozes
  4 adder zombies
  3 worms
  A dart slug (D:2)
  4 leopard geckos
  35 orcs
  8 bats
  4 giant cockroaches
  8 goblins
  6 hobgoblins
  8 jackals
  3 quokkas
  7 frilled lizards
  15 kobolds
  A quokka skeleton (D:9)
  A quokka zombie (D:6)
  10 rats
286 creatures vanquished.

Vanquished Creatures (others)
  A crimson imp (D:7)
  A quokka (D:7)
2 creatures vanquished.

Grand Total: 288 creatures vanquished

Notes
Turn   | Place    | Note
-------+----------+-------------------------------------------
     0 | D:1      | silenth the Deep Elf Earth Elementalist began the quest for
                  | the Orb.
     0 | D:1      | Reached XP level 1. HP: 10/10 MP: 6/6
    83 | D:1      | Reached XP level 2. HP: 15/15 MP: 2/8
   278 | D:1      | Reached skill level 4 in Earth Magic
   500 | D:1      | Reached XP level 3. HP: 12/19 MP: 8/10
   507 | D:1      | Learned a level 2 spell: Passwall
   511 | D:1      | Learned a level 3 spell: Stone Arrow
  1172 | D:2      | Noticed Jessica
  1174 | D:2      | Killed Jessica
  1174 | D:2      | Reached skill level 4 in Spellcasting
  1174 | D:2      | Reached skill level 1 in Conjurations
  1174 | D:2      | Reached XP level 4. HP: 24/24 MP: 4/12
  1639 | D:2      | Noticed Sigmund
  1652 | D:2      | Killed Sigmund
  1652 | D:2      | Reached skill level 3 in Conjurations
  1652 | D:2      | Reached skill level 5 in Earth Magic
  1652 | D:2      | Reached XP level 5. HP: 26/28 MP: 1/14
  1783 | D:2      | Reached XP level 6. HP: 17/32 MP: 13/15
  2129 | D:2      | Found a bloodstained altar of Trog.
  2255 | D:3      | You fall into a shaft and drop 2 floors!
  2255 | D:5      | Entered Level 5 of the Dungeon
  2364 | D:5      | Noticed a water moccasin
  2367 | D:5      | Noticed Grinder
  2379 | D:4      | Reached skill level 5 in Spellcasting
  2379 | D:4      | Reached skill level 4 in Conjurations
  2379 | D:4      | Reached skill level 6 in Earth Magic
  3388 | D:3      | Found a burning altar of Makhleb.
  3445 | D:3      | Reached XP level 7. HP: 18/36 MP: 4/17
  3735 | D:4      | Found a staircase to the Ecumenical Temple.
  3845 | Temple   | Entered the Ecumenical Temple
  3918 | Temple   | Became a worshipper of Vehumet
  3929 | D:4      | Found Eluekuz's Book Shop.
  3960 | D:4      | Found a sparkling altar of Nemelex Xobeh.
  4201 | D:4      | Reached skill level 5 in Conjurations
  4371 | D:4      | Reached skill level 7 in Earth Magic
  4417 | D:4      | Reached skill level 6 in Spellcasting
  4873 | D:5      | Killed Grinder
  4873 | D:5      | Reached skill level 6 in Conjurations
  4873 | D:5      | Reached XP level 8. HP: 41/41 MP: 15/19
  5018 | D:5      | Reached skill level 8 in Earth Magic
  5379 | D:5      | Reached skill level 7 in Spellcasting
  5505 | D:6      | Reached skill level 7 in Conjurations
  5549 | D:6      | Reached * piety under Vehumet
  5549 | D:6      | Offered knowledge of Sting by Vehumet.
  6051 | D:6      | Reached skill level 9 in Earth Magic
  6058 | D:6      | Learned a level 5 spell: Lee's Rapid Deconstruction
  6154 | D:6      | Reached XP level 9. HP: 45/45 MP: 19/22
  6294 | D:6      | Found an ancient bone altar of Kikubaaqudgha.
  6303 | D:6      | Reached skill level 1 in Evocations
  6586 | D:6      | Found a hazy altar of Hepliaklqana.
  6587 | D:6      | Found a shimmering altar of Xom.
  6588 | D:6      | Noticed a spectral ugly thing
  6605 | D:6      | Reached skill level 3 in Dodging
  6605 | D:6      | Reached skill level 3 in Stealth
  6892 | D:6      | Reached skill level 1 in Fighting
  7190 | D:7      | Reached skill level 8 in Conjurations
  7306 | D:7      | Reached ** piety under Vehumet
  7307 | D:7      | Offered knowledge of Throw Flame by Vehumet.
  7311 | D:7      | Reached skill level 8 in Spellcasting
  7466 | D:7      | Noticed Pikel
  7475 | D:7      | Killed Pikel
  7475 | D:7      | Reached skill level 4 in Stealth
  7475 | D:7      | Reached skill level 2 in Evocations
  7533 | D:7      | Reached skill level 2 in Fighting
  7533 | D:7      | Reached skill level 4 in Dodging
  7682 | D:7      | Found Lomna's Assorted Antiques.
  7740 | D:7      | Found Xasin's Food Shop.
  7825 | D:7      | Noticed Joseph
  7831 | D:7      | Killed Joseph
  7831 | D:7      | Reached skill level 3 in Evocations
  8014 | D:7      | Found Omomeew's Weapon Boutique.
  8040 | D:7      | Found a runed translucent door.
  8041 | D:7      | Noticed Crazy Yiuf
  8060 | D:7      | Found a transporter.
  8062 | D:7      | Found a transporter.
  8063 | D:7      | Noticed RatchetSly's ghost (novice MiFi)
  8068 | D:7      | Noticed a queen bee
  8137 | D:7      | Noticed Harold
  8155 | D:7      | HP: 7/73 [Harold/+0 short sword (4)]
  8159 | D:7      | HP: 2/73 [Harold/+0 short sword (6)]
  8162 | D:7      | Killed Harold
  8162 | D:7      | Reached skill level 3 in Fighting
  8162 | D:7      | Reached skill level 5 in Dodging
  8162 | D:7      | Reached XP level 10. HP: 2/56 MP: 3/24
  8730 | D:7      | Killed Crazy Yiuf
  8815 | D:8      | Reached skill level 9 in Conjurations
  8815 | D:8      | Reached skill level 10 in Earth Magic
  8889 | D:8      | Offered knowledge of Throw Frost by Vehumet.
  9101 | D:8      | Reached skill level 2 in Transmutations
  9295 | D:8      | Found a glowing silver altar of Zin.
  9319 | D:8      | Noticed a manticore
  9321 | D:8      | Found a stormy altar of Qazlal.
  9321 | D:8      | Found an ornate altar of the Wu Jian Council.
  9325 | D:8      | Killed a manticore
  9325 | D:8      | Reached skill level 6 in Dodging
  9422 | D:8      | Learned a level 1 spell: Animate Skeleton
  9424 | D:8      | Learned a level 1 spell: Apportation
  9773 | D:4      | Bought a book of Minor Magic for 260 gold pieces
  9776 | D:4      | Learned a level 2 spell: Blink
  9919 | D:9      | Reached *** piety under Vehumet
  9919 | D:9      | Reached skill level 1 in Necromancy
  9992 | D:9      | Reached skill level 1 in Translocations
  9997 | D:9      | Reached skill level 3 in Transmutations
 10214 | D:9      | Reached skill level 4 in Fighting
 10290 | D:9      | Noticed Grum
 10291 | D:9      | Reached skill level 2 in Necromancy
 10296 | D:9      | Killed Grum
 10296 | D:9      | Reached skill level 2 in Translocations
 10655 | D:10     | Entered Level 10 of the Dungeon
 10789 | D:10     | Offered knowledge of Inner Flame by Vehumet.
 10789 | D:10     | Reached skill level 9 in Spellcasting
 10886 | D:10     | Found a staircase to the Lair.
 10886 | D:10     | Noticed a death yak
 10887 | D:10     | Noticed a death yak
 10981 | D:9      | Reached skill level 7 in Dodging
 11473 | D:9      | Reached skill level 3 in Translocations
 11476 | D:9      | Reached XP level 11. HP: 62/62 MP: 24/26
 11548 | D:9      | Killed an unseen horror
 12161 | D:10     | Reached **** piety under Vehumet
 12433 | D:10     | Offered knowledge of Sticky Flame by Vehumet.
 12620 | D:10     | Noticed a death yak
 12623 | D:10     | Noticed a death yak
 12632 | D:10     | Reached skill level 5 in Fighting
 12698 | D:10     | Reached skill level 4 in Translocations
 12956 | D:10     | Noticed a death yak
 12979 | D:10     | Slain by a death yak

Levels and vault maps discovered:
D:1:      tarquinn_simple_flora_water_e, layout_loops_ring
D:2:      layout_basic, lemuel_coloured_pillars_altar, uniq_sigmund,
          uniq_jessica
D:3:      layout_rooms, lemuel_doored_altar, serial_bayou_pond_d,
          minmay_misc_feat_tower
D:4:      layout_loops_ring, lemuel_crystal_altar, minmay_temple_entry_glass,
          serial_shops, shop, bh_walls_and_bars
D:5:      layout_rooms, first_ration, minmay_misc_feat_five, hex_large,
          uniq_grinder
D:6:      layout_loops_corners, regret_index_temple_of_mockery,
          overflow_temple_1_default, grunt_ministairs_10,
          chequers_serial_rivers_room_b, minmay_diced_spiral
D:7:      layout_loops_ring, gammafunk_ghost_hive, serial_shops,
          nicolae_shop_crystal, nicolae_shop_crystal, kennysheep_little_box,
          uniq_crazy_yiuf_cottage, uniq_joseph, uniq_pikel, uniq_harold
D:8:      layout_loops_cross, minitemple, the_bakery
D:9:      hangedman_cross_stitches, layout_grid_maze, uniq_grum
D:10:     layout_rooms, dpeg_lair_monsters, nooodl_food_tri
Temple:   dshaligram_water_room_temple

Skill      XL: |  1  2  3  4  5  6  7  8  9 10 11 |
---------------+----------------------------------+-----
Earth Magic    | 4 5 6 7 9 10 | 10.0
Spellcasting   | 4 5 6 7 8 9 |  9.8
Conjurations   | 1 3 4 6 7 8 9 |  9.0
Evocations     | 3 |  3.9
Dodging        | 5 7 |  7.9
Stealth        | 4 |  4.1
Fighting       | 3 4 5 |  5.1
Transmutations | 3 |  3.1
Necromancy     | 2 |  2.0
Translocations | 3 4 |  4.0

Action                   |  1- 3 |  4- 6 |  7- 9 | 10-12 || total
-------------------------+-------+-------+-------+-------++-------
Melee: Dagger            |    35 |    87 |    71 |    65 ||   258
       Unarmed           |     7 |       |       |       ||     7
 Cast: Sandblast         |    30 |    29 |    72 |    55 ||   186
       Stone Arrow       |     2 |    21 |    95 |   123 ||   241
       Lee's Rapid Decon |       |       |       |     4 ||     4
       Passwall          |       |       |       |     1 ||     1
Evoke: Wand              |       |       |     2 |     4 ||     6
  Use: Scroll            |       |     8 |     3 |     3 ||    14
       Potion            |       |       |     2 |     2 ||     4
 Stab: Sleeping          |     6 |     2 |     1 |     2 ||    11
       Paralysed         |       |       |       |     1 ||     1
  Eat: Chunk             |     1 |     7 |     9 |     4 ||    21
       Ration            |       |       |     2 |     5 ||     7
Armor: Robe              |    11 |    17 |    28 |    36 ||    92
       Skin              |       |       |     6 |       ||     6
Dodge: Dodged            |    32 |    58 |    83 |   114 ||   287

Table legend:
 A = Non-vault XP
 B = Vault XP
 C = Vault XP percentage of total XP
 D = Non-vault monster count
 E = Vault monster count
 F = Vault count percentage of total count
                 A         B        C        D         E       F
            +---------+---------+-------+---------+---------+-------
      Total |    8470 |    5762 |  40.5 |     254 |      31 |  10.9
            +---------+---------+-------+---------+---------+-------
        D:1 |      57 |       0 |   0.0 |      31 |       0 |   0.0
        D:2 |      77 |     257 |  76.9 |      23 |       2 |   8.0
        D:3 |     197 |       0 |   0.0 |      12 |       0 |   0.0
        D:4 |     800 |       0 |   0.0 |      24 |       0 |   0.0
        D:5 |     530 |     262 |  33.1 |      16 |       1 |   5.9
        D:6 |    1022 |     303 |  22.9 |      28 |       5 |  15.2
        D:7 |     880 |    2135 |  70.8 |      27 |       4 |  12.9
        D:8 |    1525 |     205 |  11.8 |      25 |       1 |   3.8
        D:9 |    1347 |    2247 |  62.5 |      32 |      15 |  31.9
       D:10 |    2035 |     353 |  14.8 |      36 |       3 |   7.7
            +---------+---------+-------+---------+---------+-------
